 Dungeon Crawl Stone Soup version 0.28.0 (webtiles) character file.

Game seed: 9122470826662353548

31565 Cykl0x the Geomancer (level 13, -2/76 HPs)
             Began as a Gargoyle Earth Elementalist on Feb 16, 2022.
             Was a Believer of the Shining One.
             Shot with an arrow by a centaur warrior (12 damage)
             ... on level 14 of the Dungeon on Feb 17, 2022.
             The game lasted 00:47:42 (16110 turns).

Cykl0x the Geomancer (Gargoyle Earth Elementalist) Turns: 16110, Time: 00:47:42

Health: -2/76      AC: 27    Str: 14    XL:     13   Next: 58%
Magic:  36/36      EV:  7    Int: 19    God:    the Shining One [**....]
Gold:   1389       SH:  8    Dex: 10    Spells: 22/32 levels left

rFire   . . .      SeeInvis .   p - +0 scimitar
rCold   . . .      Faith    .   A - +3 warlock's mirror {reflect}
rNeg    + + .      Spirit   .   L - +0 chain mail
rPois   ∞          Reflect  +   b - +2 hat
rElec   +          Harm     .   m - +2 cloak
rCorr   +          Rampage  .   o - +0 pair of gloves
Will    .....                   R - +0 pair of boots
Stlth   ..........              j - amulet of magic regeneration
HPRegen 0.22/turn               z - ring of resist corrosion
MPRegen 0.65/turn               s - ring of magical power

@: glowing
A: sickness immunity, AC +9, negative energy resistance 1, electricity
resistance, torment resistance 1, petrification resistance
a: Renounce Religion, Divine Shield


You were on level 14 of the Dungeon.
You worshipped the Shining One.
The Shining One was pleased with you.
You visited 2 branches of the dungeon, and saw 15 of its levels.
You also visited: Bailey.

You collected 1389 gold pieces.

Inventory:

Hand Weapons
 p - a +0 scimitar (weapon)
 x - a +1 dagger of venom
 G - a +5 dagger of protection
Missiles
 c - 446 stones
 I - 25 poisoned darts
Armour
 b - a +2 hat (worn)
 m - a +2 cloak (worn)
 o - a +0 pair of gloves (worn)
 A - the +3 warlock's mirror (worn) {reflect}
   (You acquired it on level 8 of the Dungeon)

   It can block and reflect piercing ranged attacks and magical attacks against
   the wielder's willpower.
 L - a +0 chain mail (worn)
 R - a +0 pair of boots (worn)
 Y - a +0 scale mail
Jewellery
 e - an amulet of the acrobat
 h - a ring of protection from fire
 j - an amulet of magic regeneration (around neck)
 s - a ring of magical power (right hand)
 z - a ring of resist corrosion (left hand)
 P - a ring of protection from cold
 Q - a +4 ring of protection
Wands
 k - a wand of flame (37)
 r - a wand of acid (4)
 H - a wand of charming (7)
 M - a wand of iceblast (15)
 T - a wand of paralysis (6)
Scrolls
 n - a scroll of fog
 q - 4 scrolls of teleportation
 y - 3 scrolls of immolation
 B - 4 scrolls of enchant armour
 D - 6 scrolls of enchant weapon
 J - 2 scrolls of amnesia
 X - 3 scrolls of summoning
 Z - 2 scrolls of fear
Potions
 a - 3 potions of brilliance
 d - 4 potions of magic
 g - a potion of berserk rage
 i - 4 potions of mutation
 l - 2 potions of might
 u - a potion of ambrosia
 v - 3 potions of cancellation
 E - 2 potions of lignification
 F - 2 potions of flight {unknown}
 N - a potion of attraction {unknown}
 O - 4 potions of curing {unknown}
 S - 3 potions of invisibility {unknown}
 U - 3 potions of haste
 V - a potion of experience


   Skills:
 + Level 7.4 Fighting
 + Level 0.6(3.9) Short Blades
 + Level 6.3 Long Blades
 + Level 6.5 Armour
 + Level 4.9 Dodging
 - Level 2.1 Stealth
 + Level 5.8 Shields
 + Level 10.1 Spellcasting
 + Level 9.2 Conjurations
 + Level 0.7 Transmutations
 + Level 0.8 Air Magic
 + Level 12.0 Earth Magic
 + Level 7.5 Invocations


You had 22 spell levels left.
You knew the following spells:

 Your Spells              Type           Power      Damage    Failure   Level
a - Sandblast             Erth           100%       2d20      1%          1
b - Stone Arrow           Conj/Erth      100%       3d13      7%          3
c - Lee's Rapid Deconstr  Erth           26%        3d15*     34%         5
d - Shock                 Conj/Air       100%       1d9       22%         1

Your spell library contained the following spells:

 Spells                   Type           Power      Damage    Failure   Level
 Passwall                 Tmut/Erth      27%        N/A       19%         2
 Static Discharge         Conj/Air       28%        N/A       32%         2
 Petrify                  Tmut/Erth      33%        N/A       77%         4
 Leda's Liquefaction      Hex/Erth       16%        N/A       83%         4
 Pain                     Necr           36%        1d5       87%         1
 Summon Small Mammal      Summ           36%        N/A       87%         1
 Corpse Rot               Necr/Air       22%        N/A       92%         2
 Poisonous Vapours        Pois/Air       22%        N/A       92%         2
 Sticky Flame             Conj/Fire      27%        2d5       95%         4
 Call Canine Familiar     Summ           9%         N/A       99%         3
 Inner Flame              Hex/Fire       9%         N/A       99%         3
 Summon Guardian Golem    Hex/Summ       9%         N/A       99%         3
 Lightning Bolt           Conj/Air       14%        1d27      99%         5
 Airstrike                Air            6%         N/A       100%        4
 Cause Fear               Hex            4%         N/A       100%        4
 Dispel Undead            Necr           9%         3d8       100%        4
 Summon Lightning Spire   Summ/Air       11%        N/A       100%        4
 Agony                    Necr           9%         N/A       100%        5
 Excruciating Wounds      Necr           4%         N/A       100%        5
 Storm Form               Tmut/Air       6%         N/A       100%        7
 Discord                  Hex            4%         N/A       100%        8
 Maxwell's Capacitive Co  Air            6%         ∞         100%        8
 Statue Form              Tmut/Erth      Unusable   N/A       N/A         6

Dungeon Overview and Level Annotations

Branches:
Dungeon (14/15)            Temple (1/1) D:6            Lair (0/6) D:11
    Orc (0/2) D:12         Bailey (visited)
 Vaults: D:13-14

Altars:
Cheibriados
Dithmenos
Elyvilon
Fedhas
Hepliaklqana
Kikubaaqudgha
Makhleb
Nemelex Xobeh
Qazlal
Ru
Sif Muna
Uskayaw
Vehumet
Wu Jian
Xom
Zin
The Shining One

Annotations:
D:6 3 runed translucent doors, Miritol's ghost, novice KoBr


Innate Abilities, Weirdness & Mutations

You are immune to sickness and miasma.
Your stone body is resilient. (AC +9)
You are immune to poison.
You resist negative energy. (rN+)
You are resistant to electric shocks. (rElec)
You are resistant to unholy torment.
You are immune to petrification.


Message History

Press: ? - help, Shift-Dir - straight line, f/p - yaktaur captain
Aim: a yaktaur captain, quivering bolts (heavily wounded, haloed, 94% to hit)
The stone arrow hits the yaktaur captain!
The yaktaur captain is severely wounded.
The yaktaur captain closely misses you.
Unknown command.
Casting: Stone Arrow (dangerous; 7% risk of failure)
Confirm with . or Enter, or press ? or * to list all spells.
Aiming: Stone Arrow (dangerous; 7% risk of failure)
Press: ? - help, Shift-Dir - straight line, f/p - yaktaur captain
Aim: a yaktaur captain, quivering bolts (severely wounded, haloed, 94% to hit)
The stone arrow hits the yaktaur captain!!
The yaktaur captain is almost dead.
You block the yaktaur captain's attack.
You hit the yaktaur captain.
You kill the yaktaur captain!
Things that are here:
a +0 arbalest; 27 bolts; a +0 trident A centaur warrior comes into view.
Casting: Stone Arrow (dangerous; 7% risk of failure)
Confirm with . or Enter, or press ? or * to list all spells.
Aiming: Shock (safe; 22% risk of failure)
Press: ? - help, Shift-Dir - straight line, f - centaur warrior
Aim: a centaur warrior, quivering arrows (wandering, hasn't noticed you, 81% to hit)
The zap hits the centaur warrior.
The centaur warrior is lightly wounded.
The centaur warrior shouts!
You hear a shout! x2
The centaur warrior wields a +0 shortbow.
The centaur warrior shoots an arrow.
The arrow hits you.
The centaur warrior shoots an arrow.
The arrow hits you!
A yaktaur comes into view.
The yaktaur shouts!
The yaktaur wields a +0 arbalest.
The yaktaur shoots a bolt.
The bolt hits you!!
* * * LOW HITPOINT WARNING * * *
You hear two shouts!
A centaur comes into view.
The centaur warrior shoots an arrow.
The arrow hits you but does no damage.
The centaur warrior shoots an arrow.
The arrow hits you!
You die...

############ #..........#
#############.########c######
#......(....#@#####.........#
#.######............##.####.# #.#
#.##.#.###.####.####.## #.#
#.##.#)# #............# #>#
#.##.#c#######.......^.
####.######.##............####..#
#........##.##.#.#######..# .#
#.##.###.........#######..#
#.##.#########............####..


You could see a centaur warrior.

Vanquished Creatures
  Gastronok (D:11)
  An eleionoma (shapeshifter) (D:13)
  A yaktaur captain (D:14)
  A rakshasa (D:14)
  A catoblepas (D:14)
  A boulder beetle (D:14)
  A hydra (D:12)
  3 centaur warriors
  A tengu warrior (D:13)
  Nergalle (D:11)
  A deep elf pyromancer (D:13)
  3 orc knights (Bailey)
  An ugly thing (D:12)
  2 manticores
  An unseen horror (D:12)
  A komodo dragon (D:13)
  A tengu conjurer (D:13)
  Psyche (D:11)
  2 gargoyles (D:11)
  A kobold demonologist (D:10)
  A merfolk (shapeshifter) (D:14)
  5 trolls
  A wind drake (shapeshifter) (D:14)
  4 slime creatures (D:14)
  A centaur simulacrum (D:14)
  A vampire (D:11)
  Eustachio (D:5)
  A wraith (D:12)
  A wyvern (D:7)
  11 yaks (D:10)
  A redback (D:13)
  Menkaure (D:4)
  6 vampire mosquitoes (D:13)
  An acid dragon (D:12)
  3 water moccasins
  Duvessa (D:6)
  An ice beast (D:8)
  11 orc warriors
  2 necrophages
  4 ogres
  11 centaurs
  2 phantoms
  4 kobold brigands
  3 bullfrogs
  3 scorpions
  Dowan (D:6)
  14 killer bees
  3 howler monkeys
  5 centaur zombies
  6 hounds
  7 orc priests
  Crazy Yiuf (D:2)
  2 centaur skeletons (D:6)
  A gnoll shaman (D:3)
  2 jellies
  A bullfrog skeleton (D:6)
  4 iguanas
  12 orc wizards
  Natasha (D:2)
  A hound zombie (D:5)
  2 hound skeletons
  A howler monkey zombie (D:9)
  Robin (D:2)
  3 gnolls (D:3)
  9 adders
  A shadow imp (D:7)
  2 worms
  3 dart slugs
  55 orcs
  3 bats
  7 endoplasms
  5 giant cockroaches
  16 goblins
  12 hobgoblins
  6 quokkas
  5 ball pythons
  A frilled lizard (D:1)
  23 kobolds
  3 rats
326 creatures vanquished.

Notes
Turn   | Place    | Note
-------+----------+-------------------------------------------
     0 | D:1      | Cykl0x the Gargoyle Earth Elementalist began the quest for
                  | the Orb.
     0 | D:1      | Reached XP level 1. HP: 10/10 MP: 3/3
   339 | D:1      | Reached XP level 2. HP: 15/15 MP: 3/5
   548 | D:1      | Reached skill level 4 in Earth Magic
   881 | D:1      | Reached XP level 3. HP: 20/20 MP: 3/6
   885 | D:1      | Learned a level 3 spell: Stone Arrow
   923 | D:1      | Found a faded altar of an unknown god.
  1172 | D:2      | Identified the +5 helmet "Zusuz" {*Corrode rC++}
  1172 | D:2      | Noticed Robin
  1177 | D:2      | Killed Robin
  1189 | D:2      | Reached skill level 1 in Conjurations
  1194 | D:2      | Reached XP level 4. HP: 8/24 MP: 1/8
  1725 | D:2      | Noticed Natasha
  1728 | D:2      | Killed Natasha
  1729 | D:2      | Reached skill level 1 in Fighting
  1919 | D:2      | Reached XP level 5. HP: 29/29 MP: 6/10
  2278 | D:2      | Found a runed translucent door.
  2279 | D:2      | Noticed Crazy Yiuf
  2283 | D:2      | Killed Crazy Yiuf
  2439 | D:3      | Found an ornate altar of the Wu Jian Council.
  2680 | D:3      | Identified the +10 hand axe of Famine {vorpal, rC- Dex+9
                  | Stlth+}
  2949 | D:3      | Reached XP level 6. HP: 35/35 MP: 5/11
  2961 | D:3      | Reached skill level 5 in Earth Magic
  3039 | D:3      | Identified the +0 robe "Juagedung" {+Inv Str+5 Int-3 SInv}
  3456 | D:4      | Noticed Menkaure
  3469 | D:4      | Killed Menkaure
  3470 | D:4      | Reached XP level 7. HP: 8/41 MP: 1/13
  3850 | D:4      | Found a stormy altar of Qazlal.
  4278 | D:4      | Identified a scroll of acquirement
  4278 | D:4      | Acquired 416 gold pieces
  4635 | D:5      | Entered Level 5 of the Dungeon
  4782 | D:5      | Reached skill level 6 in Earth Magic
  4813 | D:5      | Reached skill level 5 in Spellcasting
  4813 | D:5      | Reached XP level 8. HP: 46/46 MP: 15/15
  4864 | D:5      | Reached skill level 5 in Conjurations
  4886 | D:5      | Found a snail-covered altar of Cheibriados.
  5005 | D:5      | Reached skill level 1 in Armour
  5139 | D:5      | Noticed Eustachio
  5168 | D:5      | Killed Eustachio
  5486 | D:5      | Reached skill level 7 in Earth Magic
  5528 | D:6      | Reached XP level 9. HP: 52/52 MP: 17/17
  5601 | D:6      | Found a runed translucent gate.
  5601 | D:6      | Found a runed translucent gate.
  5601 | D:6      | Noticed Miritol's ghost (novice KoBr)
  5602 | D:6      | Found a runed translucent gate.
  5616 | D:6      | Noticed Duvessa
  5618 | D:6      | Noticed Dowan
  5624 | D:6      | Killed Duvessa
  5626 | D:6      | Killed Dowan
  5627 | D:6      | Reached skill level 5 in Fighting
  5690 | D:6      | Found a staircase to the Ecumenical Temple.
  5697 | Temple   | Entered the Ecumenical Temple
  5704 | Temple   | Became a worshipper of the Shining One
  6066 | D:7      | Reached skill level 1 in Invocations
  6246 | D:7      | Reached skill level 1 in Long Blades
  6345 | D:7      | Reached skill level 8 in Earth Magic
  6460 | D:7      | Found a hazy altar of Hepliaklqana.
  7469 | D:8      | Reached XP level 10. HP: 59/59 MP: 20/20
  7592 | D:8      | Learned a level 5 spell: Lee's Rapid Deconstruction
  7712 | D:8      | Reached * piety under the Shining One
  7848 | D:8      | Found a radiant altar of Vehumet.
  7857 | D:8      | Got Vehumet's Almanac of Damage Dealing
  7860 | D:8      | Learned a level 1 spell: Shock
  7880 | D:8      | Found an ancient bone altar of Kikubaaqudgha.
  7890 | D:8      | Found a shimmering blue altar of Sif Muna.
  8207 | D:8      | Acquired the +3 warlock's mirror {reflect}
  8207 | D:8      | Found the +3 warlock's mirror {reflect}
  8284 | D:9      | Reached skill level 9 in Earth Magic
  8331 | D:9      | Found a flagged portal.
  8336 | Bailey   | Entered a bailey
  8638 | Bailey   | Noticed an orc knight
  8662 | Bailey   | Killed an orc knight
  8712 | Bailey   | Noticed an orc knight
  8727 | Bailey   | Killed an orc knight
  8728 | Bailey   | Reached skill level 5 in Invocations
  8737 | Bailey   | Noticed an orc knight
  9038 | Bailey   | Killed an orc knight
  9039 | Bailey   | Reached skill level 1 in Shields
  9275 | D:9      | Found a shimmering altar of Xom.
  9919 | D:10     | Entered Level 10 of the Dungeon
 10052 | D:10     | Noticed a kobold demonologist
 10058 | D:10     | Killed a kobold demonologist
 10059 | D:10     | Reached skill level 10 in Earth Magic
 10059 | D:10     | Reached XP level 11. HP: 44/64 MP: 18/23
 10609 | D:10     | Reached skill level 5 in Long Blades
 10609 | D:10     | Reached skill level 5 in Armour
 10609 | D:10     | Reached XP level 12. HP: 61/72 MP: 9/24
 10711 | D:10     | Found a sparkling altar of Nemelex Xobeh.
 11579 | D:11     | Noticed Nergalle
 11579 | D:11     | Reached ** piety under the Shining One
 11588 | D:11     | Killed Nergalle
 12081 | D:11     | Noticed Psyche
 12083 | D:11     | Killed Psyche
 12132 | D:11     | Noticed Gastronok
 12145 | D:11     | Killed Gastronok
 12237 | D:11     | Found a staircase to the Lair.
 12349 | D:11     | Noticed a centaur warrior
 12352 | D:11     | Killed a centaur warrior
 12917 | D:12     | Identified the +0 robe of Guahonn {Regen+ Archmagi}
 13080 | D:12     | Reached skill level 11 in Earth Magic
 13130 | D:12     | Found a staircase to the Orcish Mines.
 13452 | D:12     | Noticed a six-headed hydra
 13456 | D:12     | Killed a six-headed hydra
 13457 | D:12     | Reached XP level 13. HP: 76/76 MP: 26/26
 13739 | D:13     | Reached skill level 5 in Shields
 14387 | D:13     | Noticed an eleionoma
 14395 | D:13     | Killed an eleionoma
 15366 | D:14     | Reached skill level 10 in Spellcasting
 15745 | D:14     | Noticed a rakshasa
 15750 | D:14     | Killed a rakshasa
 15878 | D:14     | Reached skill level 12 in Earth Magic
 16042 | D:14     | Noticed a yaktaur captain
 16053 | D:14     | Killed a yaktaur captain
 16110 | D:14     | Shot with an arrow by a centaur warrior

Illustrated notes

Levels and vault maps discovered:
D:1:      minmay_arrival_open_corners, layout_loops_ring,
          ebering_ecumenical_altar_abandoned
D:2:      layout_basic, minmay_pentomino_v4, uniq_natasha,
          uniq_crazy_yiuf_cottage, uniq_robin
D:3:      layout_loops_ring, lemuel_crystal_altar, st_stairs_7
D:4:      layout_basic, mainiacjoe_overflow_tiny_flanked, uniq_menkaure
D:5:      layout_loops_ring, mainiacjoe_overflow_surrounded_room, uniq_eustachio
D:6:      layout_rooms, minmay_temple_entry_arrows, gammafunk_ghost_split,
          uniq_duvessa
D:7:      layout_loops_ring, nicolae_hepliaklqana_hazy_memory, serial_aquarium,
          aquarium_bridge_long_separate [aquarium_subvault_bridge,
          aquarium_subvault_wall, aquarium_subvault_bridge,
          aquarium_subvault_wall, aquarium_subvault_balcony,
          aquarium_subvault_bridge], aquarium_window_3, aquarium_window_2,
          aquarium_window_1, aquarium_view_2f, aquarium_view_2c,
          aquarium_balcony_3a
D:8:      layout_basic, palyth_temple_overflow_mages, amcnicky_mini_pool_small
D:9:      layout_loops_ring, mainiacjoe_overflow_catwalk, enter_bailey_3
D:10:     layout_layer_cave, nemelex_spade_bored_becter, minmay_misc_feat_plants
D:11:     layout_loops_ring, lair_entry_dummy, uniq_psyche, uniq_gastronok,
          uniq_nergalle
D:12:     layout_loops_ring, erik_orc_3, grunt_ministairs_8
D:13:     layout_loops_ring, grunt_tough_drop
D:14:     layout_loops_ring, david_vaults_2, hellmonk_bongcloud_opening,
          uniq_roxanne
Temple:   cyrus_circular_temple

Skill      XL: |  1  2  3  4  5  6  7  8  9 10 11 12 13 |
---------------+----------------------------------------+-----
Earth Magic    | 4 5 6 7 8 10 11 12 | 12.0
Spellcasting   | 3 4 5 7 8 9 10 | 10.1
Conjurations   | 1 2 3 4 5 6 7 8 9 |  9.2
Fighting       | 1 2 3 4 5 7 |  7.4
Armour         | 1 2 3 5 6 |  6.5
Dodging        | 2 4 |  4.9
Invocations    | 3 5 6 7 |  7.5
Long Blades    | 1 2 5 6 |  6.3
Shields        | 1 4 5 |  5.8
Short Blades   | |  0.6
Stealth        | |  2.1
Transmutations | |  0.7
Air Magic      | |  0.8

Action                   |  1- 3 |  4- 6 |  7- 9 | 10-12 | 13-15 || total
-------------------------+-------+-------+-------+-------+-------++-------
Melee: Unarmed           |     5 |       |       |       |       ||     5
       Short sword       |    14 |     5 |       |       |       ||    19
       Dagger            |       |       |     9 |     1 |     5 ||    15
       Falchion          |       |       |    40 |    39 |       ||    79
       Long sword        |       |       |       |    94 |       ||    94
       Scimitar          |       |       |       |       |    61 ||    61
 Cast: Sandblast         |    36 |    14 |     7 |     4 |     3 ||    64
       Stone Arrow       |     3 |    62 |   156 |   173 |    71 ||   465
       Shock             |       |       |       |    36 |     8 ||    44
       Lee's Rapid Decon |       |       |       |    29 |     7 ||    36
Invok: Divine Shield     |       |       |       |       |     3 ||     3
Evoke: Wand              |       |       |       |     1 |     1 ||     2
  Use: Scroll            |       |     8 |     9 |     8 |       ||    25
       Potion            |       |       |       |     2 |     2 ||     4
Armor: Robe              |     6 |     1 |       |       |       ||     7
       Leather armour    |       |     3 |    28 |       |       ||    31
       Ring mail         |       |       |    53 |    37 |       ||    90
       Scale mail        |       |       |       |   171 |     5 ||   176
       Chain mail        |       |       |       |       |    61 ||    61
Dodge: Dodged            |    12 |     5 |    75 |   144 |    28 ||   264
Block: Buckler           |       |       |       |   116 |    87 ||   203
       Reflection        |       |       |       |    15 |     7 ||    22
